 Dungeon Crawl Stone Soup version 0.19.4-12-gccf7e64 (webtiles) character file.

48 Magnus the Vexing (level 3, -1/23 HPs)
             Began as a High Elf Arcane Marksman on Feb 27, 2017.
             Slain by a quokka (2 damage)
             ... on level 2 of the Dungeon.
             The game lasted 00:04:47 (1953 turns).

Magnus the Vexing (High Elf Arcane Marksman)        Turns: 1953, Time: 00:04:48

Health: -1/23      AC:  3    Str: 10    XL:     3   Next: 50%
Magic:  5/7        EV: 13    Int: 17    God:
Gold:   33         SH:  0    Dex: 15    Spells: 2 memorised, 3 levels left

rFire  . . .     SeeInvis .     a - +0 shortbow
rCold  . . .     Gourm    .     e - +0 robe
rNeg   . . .     Faith    .     (shield currently unavailable)
rPois  .         Spirit   .     (no helmet)
rElec  .         Reflect  .     (no cloak)
rCorr  .         Harm     .     (no gloves)
MR     .....                    h - +0 pair of boots
Stlth  +.........               (no amulet)
                                (no ring)
                                (no ring)

@: lethally poisoned (-1 -> -2)
A: no striking features
a: no special abilities


You were on level 2 of the Dungeon.
You were near starving.

You visited 1 branch of the dungeon, and saw 2 of its levels.

You collected 33 gold pieces.

Inventory:

Hand Weapons
 a - a +0 shortbow (weapon)
 k - a +0 whip
Missiles
 d - 11 arrows (quivered)
Armour
 e - a +0 robe (worn)
 h - a +0 pair of boots (worn)
Jewellery
 i - an uncursed ring of ice
Books
 c - a book of Debilitation

   Spells                             Type                      Level
   a - Corona                         Hexes                        1
   b - Slow                           Hexes                        2
   c - Gell's Gravitas                Hexes/Translocation          3
   d - Inner Flame                    Hexes/Fire                   3
   e - Cause Fear                     Hexes                        4
   f - Leda's Liquefaction            Hexes/Earth                  4
Comestibles
 b - a slice of pizza
 f - 2 bread rations
 g - 2 beef jerkies


   Skills:
 - Level 1.0 Fighting
 + Level 3.6 Bows
 - Level 2.1 Dodging
 + Level 2.2 Spellcasting
 + Level 3.7 Hexes


You had 3 spell levels left.
You knew the following spells:

 Your Spells              Type           Power        Failure   Level  Hunger
a - Corona                Hex            ##.....      4%          1    #......
b - Slow                  Hex            ##......     10%         2    ###....


Dungeon Overview and Level Annotations

Branches:
Dungeon (2/15)

Altars:
Xom


Message History

Press: ? - help, Shift-Dir - straight line, f/p - adder
Aim: an adder (lightly wounded, slow, softly glowing)
Okay, then.
You aren't carrying any potions.
You aren't carrying any potions.
You aren't carrying any potions.
Okay, then.
Firing (i - inventory):
d - 13 arrows (quivered)
Press: ? - help, Shift-Dir - straight line, f/p - adder
Aim: an adder (lightly wounded, slow, softly glowing)
You shoot an arrow. The arrow misses the adder.
The quokka misses you. The adder closely misses you.
Firing (i - inventory):
d - 12 arrows (quivered)
Press: ? - help, Shift-Dir - straight line, f/p - adder
Aim: an adder (lightly wounded, slow, softly glowing)
You shoot an arrow. The arrow hits the adder.
The adder is moderately wounded.
* * * LOW HITPOINT WARNING * * *
You feel sick.
The adder stops glowing.
The quokka bites you.
You die...

########## #.<.......
#@########. ##
_.....r.S....<#..###..
.....................
........##...##......
.#b###........#..##.####
# ...........%.......
...#####(........##
#...# ###..##(#... #
#.####


You could see an adder and a quokka.

Vanquished Creatures
  A gnoll (D:1)
  An adder (D:2)
  3 dart slugs (D:1)
  A leopard gecko (D:1)
  3 hobgoblins (D:1)
  2 bats (D:1)
  2 frilled lizards (D:1)
  4 goblins (D:1)
  5 kobolds
  4 rats (D:1)
26 creatures vanquished.

Notes
Turn   | Place    | Note
-------+----------+-------------------------------------------
     0 | D:1      | Magnus the High Elf Arcane Marksman began the quest for the Orb.
     0 | D:1      | Reached XP level 1. HP: 13/13 MP: 3/3
   383 | D:1      | Reached XP level 2. HP: 18/18 MP: 5/5
  1296 | D:1      | Learned a level 2 spell: Slow
  1337 | D:2      | Reached XP level 3. HP: 15/23 MP: 2/7
  1503 | D:1      | HP: 1/23 [gnoll/flail (8)]
  1941 | D:2      | Found a shimmering altar of Xom.
  1953 | D:2      | HP: 1/23 [poisoned by an adder]
  1953 | D:2      | Slain by a quokka

Skill      XL: |  1  2 |
---------------+-------+-----
Bows           | 3 |  3.6
Spellcasting   | 2 |  2.2
Fighting       | |  1.0
Dodging        | |  2.1
Hexes          | |  3.7

Action                   || total
-------------------------++-------
Melee: Short sword       ||    56
       Club              ||     9
       Whip              ||    43
 Fire: Shortbow          ||    10
 Cast: Corona            ||     5
       Slow              ||     6
  Use: Scroll            ||     1
 Stab: Sleeping          ||     1
  Eat: Chunk             ||     2
Armor: Robe              ||    15
Dodge: Dodged            ||    73
